 Dungeon Sprint DCSS version 0.29-a0-993-g4a18f31a58 (webtiles) character file.

Game seed: 5461322251107014225

14114 Hubris850 the Alchemist (level 12, -1/111 HPs)
             Began as a Merfolk Transmuter on Aug 2, 2022.
             Was the Champion of Sif Muna.
             Slain by a minotaur
             ... wielding the +12 quick blade "Gimble" {protect}
              (20 damage)
             ... in the Dungeon (Sprint VII: "The Pits").
             The game lasted 00:18:34 (1934 turns).

Hubris850 the Alchemist (Merfolk Transmuter)        Turns: 1934, Time: 00:18:35

Health: -1/111     AC: 28    Str: 15    XL:     12   Next: 13%
Magic:  16/27      EV: 17    Int: 16    God:    Sif Muna [******]
Gold:   23         SH:  5    Dex: 14    Spells: 16/34 levels left

rFire   . . .      SeeInvis .     - Unarmed
rCold   . . .      Faith    .   n - +0 buckler
rNeg    + . .      Spirit   .   (body armour currently unavailable)
rPois   ∞          Reflect  .   (no helmet)
rElec   +          Harm     .   (no cloak)
rCorr   .          Rampage  .   (gloves currently unavailable)
Will    .....      NoTele   +   (boots currently unavailable)
Stlth   +.........              (no amulet)
HPRegen 0.28/turn               g - +3 ring of strength
MPRegen 0.20/turn               o - +3 ring of protection

@: mighty, statue-form, wereblooded (expiring), very slightly contaminated, very
slow
A: slow and powerful, torment resistance 1, boosted hp, (nimble swimmer 2),
mertail
a: End Transformation, Renounce Religion, Channel Magic, Forget Spell, Divine
Exegesis


You were in the Dungeon.
You worshipped Sif Muna.
Sif Muna was exalted by your worship.
You were a living statue of rough stone.
You visited 1 branch You collected 23 gold pieces.

Inventory:

Hand Weapons
 m - a +2 long sword of flaming
 t - a +2 scimitar of flaming
Missiles
 w - a curare-tipped dart
 x - 12 poisoned darts
Armour
 a - a +0 robe (melded)
 l - a +3 ring mail
 n - a +0 buckler (worn)
 u - a +0 pair of gloves (melded)
 v - a +5 ring mail
 y - +0 swamp dragon scales
Jewellery
 g - a +3 ring of strength (left fist)
 o - a +3 ring of protection (right fist)
 D - a ring of poison resistance
 E - a ring of willpower
Scrolls
 h - 3 scrolls of blinking
 j - 5 scrolls of amnesia
 k - a scroll of summoning
 z - a scroll of identify
 A - a scroll of fear
 B - 6 scrolls of enchant weapon
 C - 2 scrolls of butterflies
 F - a scroll of poison
Potions
 b - a potion of lignification
 c - 7 potions of curing
 d - 16 potions of heal wounds
 e - a potion of haste
 f - 4 potions of magic
 i - a potion of invisibility
 p - 3 potions of resistance
 q - a potion of mutation
 r - 3 potions of brilliance


   Skills:
 - Level 5.0 Fighting
 - Level 11.6 Dodging
 - Level 4.0 Shields
 - Level 16.0 Unarmed Combat
 + Level 11.9 Spellcasting
 + Level 4.5 Conjurations
 + Level 16.5 Transmutations
 + Level 9.4 Ice Magic
 + Level 11.1 Earth Magic
 - Level 5.0 Invocations


You had 16 spell levels left.
You knew the following spells:

 Your Spells              Type           Power      Damage    Failure   Level
a - Beastly Appendage     Tmut           100%       N/A       0%          1
b - Wereblood             Tmut           58%        N/A       0%          2
c - Ice Form              Ice/Tmut       50%        N/A       1%          4
d - Irradiate             Conj/Tmut      21%        3d18      3%          5
e - Statue Form           Tmut/Erth      34%        N/A       4%          6

Your spell library contained the following spells:

 Spells                   Type           Power      Damage    Failure   Level
 Sting                    Tmut/Pois      100%       1d8       1%          1
 Spider Form              Tmut/Pois      36%        N/A       1%          3
 Petrify                  Tmut/Erth      52%        N/A       1%          4
 Yara's Violent Unravell  Hex/Tmut       18%        3d9       9%          5
 Apportation              Tloc           18%        N/A       10%         1
 Necrotise                Necr           36%        1d5       10%         1
 Summon Small Mammal      Summ           36%        N/A       10%         1
 Leda's Liquefaction      Hex/Erth       13%        N/A       10%         4
 Poisonous Vapours        Pois/Air       18%        N/A       14%         2
 Portal Projectile        Hex/Tloc       18%        N/A       28%         3
 Iskenderun's Mystic Bla  Conj/Tloc      16%        2d5       36%         4
 Sticky Flame             Conj/Fire      16%        2d4       36%         4
 Metabolic Englaciation   Hex/Ice        12%        N/A       36%         5
 Corpse Rot               Necr/Pois/Air  9%         N/A       67%         4
 Dispel Undead            Necr           9%         3d8       67%         4
 Olgreb's Toxic Radiance  Pois           9%         N/A       67%         4
 Ozocubu's Refrigeration  Ice            19%        4d11      86%         7
 Dispersal                Tloc           4%         N/A       100%        6
 Orb of Destruction       Conj           12%        9d7       100%        7
 Lehudib's Crystal Spear  Conj/Erth      17%        10d5      100%        8
 Necromutation            Tmut/Necr      18%        N/A       100%        8
 Chain Lightning          Conj/Air       8%         3d10      100%        9


Dungeon Overview and Level Annotations

Branches:
Dungeon (1/1)

Altars:
Ashenzari
Cheibriados
Dithmenos
Elyvilon
Fedhas
Gozag
Hepliaklqana
Kikubaaqudgha
Makhleb
Nemelex Xobeh
Okawaru
Qazlal
Ru
Sif Muna
Trog
Uskayaw
Vehumet
Wu Jian
Xom
Yredelemnul
Zin
The Shining One
Jiyva
Lugonu


Innate Abilities, Weirdness & Mutations

You are a living statue of rough stone.
Your actions are slow, but your melee attacks are powerful.
You are resistant to unholy torment.
Your maximum health is greatly increased.
You are immune to poison.
Your equipment is partially melded.
((You are very nimble when in or above water. (Stealth+, EV+, Speed+++)))
Your lower body shifts to a powerful aquatic tail in water.


Message History

The merfolk closely misses you.
The orc wizard casts a spell.
The orc wizard flickers and vanishes!
Deactivating autopickup; reactivate with Ctrl-A.
You feel much better.
The orc warrior shoots a bolt.
You block the bolt.
The merfolk hits you with a +0 great mace of venom!!
Unknown command.
You beat the merfolk into a bloody pulp!!!
The merfolk is almost dead.
The orc warrior shoots a bolt.
The bolt hits you but does no damage. The merfolk misses you.
You pummel the merfolk like a punching bag!!!
You feel a bit better.
You kill the merfolk!
Sif Muna accepts your kill.
The orc warrior shoots a bolt.
The bolt completely misses you.
Unknown command.
Casting: Irradiate (dangerous; 3% risk of failure)
Confirm with . or Enter, or press ? or * to list all spells.
Okay, then.
You aren't carrying any items that you can evoke.
You howl as the wereblood boils in your veins!
The minotaur hits you but does no damage.
You block the minotaur's attack.
The minotaur gores you but does no damage.
The orc warrior unwields a +0 arbalest.
The orc warrior wields a +0 war axe.
The orc warrior barely misses you.
You pummel the orc warrior!!
You feel a bit better.
You kill the orc warrior!
Sif Muna accepts your kill.
You feel yourself slow down.
The minotaur hits you with the +12 quick blade "Gyre" {protect}!!
The minotaur hits you with the +12 quick blade "Gimble" {protect}!!
* * * LOW HITPOINT WARNING * * *
The minotaur closely misses you.
You feel much better.
The minotaur hits you with the +12 quick blade "Gyre" {protect}!
* * * LOW HITPOINT WARNING * * *
The minotaur hits you with the +12 quick blade "Gimble" {protect}!!
You die...

##################
#........[........
#.......)8:)......
#..#######H####### #..#
o#W# #..# o# #w# #..# {#
#{# #..# )# #V# #..# .#
#.# #..###############
########.................


You could see a minotaur, a tyrant leech, a flayed ghost (summoned) and a
vampire (summoned).

Vanquished Creatures
  An apis (D)
  An ophan (D)
  A fire dragon (D)
  A merfolk avatar (D)
  A death yak (D)
  A fire crab (shapeshifter) (D)
  A phantasmal warrior (D)
  A lindwurm (D)
  2 bog bodies (D)
  A swamp dragon (D)
  2 deep elf pyromancers (D)
  An elephant (D)
  An eye of devastation (D)
  A molten gargoyle (D)
  A cane toad (D)
  Psyche (D)
  A hellwing (D)
  A kobold demonologist (D)
  A rime drake (D)
  An ice devil (D)
  A wandering mushroom (D)
  2 merfolk (D)
  2 slime creatures (D)
  5 dream sheep (D)
  A tyrant leech (D)
  A wind drake (D)
  A hornet (D)
  A snapping turtle (D)
  A flying skull (D)
  A wraith (D)
  A wyvern (D)
  2 redbacks (D)
  A floating eye (D)
  An orc warrior (D)
  A black bear (D)
  An ogre (D)
  5 kobold brigands (D)
  2 bullfrogs (D)
  A gnoll sergeant (D)
  2 crimson imps (D)
  2 hounds (D)
  An orc priest (D)
  An orc wizard (D)
  3 gnolls (D)
  2 adders (D)
  A river rat (D)
  A white imp (D)
  A worm (D)
  6 orcs (D)
  2 ball pythons (D)
  An endoplasm (D)
  A giant cockroach (D)
  A hobgoblin (D)
  5 kobolds (D)
  2 quokkas (D)
  2 bats (D)
  A frilled lizard (D)
  A jackal zombie (D)
89 creatures vanquished.

Notes
Turn   | Place    | Note
-------+----------+-------------------------------------------
     0 | D        | Hubris850 the Merfolk Transmuter began the quest for the
                  | Orb.
     0 | D        | Reached XP level 1. HP: 15/15 MP: 3/3
    15 | D        | Reached skill level 1 in Ice Magic
    40 | D        | Found a glowing golden altar of the Shining One.
    40 | D        | Found a glowing silver altar of Zin.
    40 | D        | Found a basalt altar of Yredelemnul.
    40 | D        | Found a shimmering altar of Xom.
    40 | D        | Found an ornate altar of the Wu Jian Council.
    40 | D        | Found a bloodstained altar of Trog.
    40 | D        | Found a shimmering blue altar of Sif Muna.
    40 | D        | Found a sacrificial altar of Ru.
    40 | D        | Found a stormy altar of Qazlal.
    40 | D        | Found an iron altar of Okawaru.
    40 | D        | Found a sparkling altar of Nemelex Xobeh.
    40 | D        | Found a burning altar of Makhleb.
    40 | D        | Found a viscous altar of Jiyva.
    40 | D        | Found a hazy altar of Hepliaklqana.
    40 | D        | Found an opulent altar of Gozag.
    40 | D        | Found a blossoming altar of Fedhas.
    40 | D        | Found a white marble altar of Elyvilon.
    40 | D        | Found a shadowy altar of Dithmenos.
    40 | D        | Found a snail-covered altar of Cheibriados.
    41 | D        | Found a radiant altar of Vehumet.
    41 | D        | Found a corrupted altar of Lugonu.
    42 | D        | Found an ancient bone altar of Kikubaaqudgha.
    42 | D        | Found a hide-covered altar of Uskayaw.
    42 | D        | Found a broken altar of Ashenzari.
    43 | D        | Became a worshipper of Sif Muna the Loreminder
   134 | D        | Reached * piety under Sif Muna
   185 | D        | Noticed a floating eye
   194 | D        | Paralysed by a floating eye for 4 turns
   200 | D        | Killed a floating eye
   201 | D        | Reached skill level 5 in Spellcasting
   201 | D        | Reached skill level 5 in Ice Magic
   201 | D        | Reached XP level 2. HP: 16/21 MP: 5/8
   201 | D        | Reached XP level 3. HP: 20/26 MP: 5/9
   201 | D        | Reached XP level 4. HP: 25/32 MP: 6/11
   204 | D        | Learned a level 2 spell: Wereblood
   209 | D        | Learned a level 4 spell: Ice Form
   273 | D        | Reached ** piety under Sif Muna
   274 | D        | Reached XP level 5. HP: 37/37 MP: 1/12
   376 | D        | Noticed a flying skull
   379 | D        | Reached *** piety under Sif Muna
   391 | D        | Killed a flying skull
   392 | D        | Reached XP level 6. HP: 43/43 MP: 8/13
   396 | D        | Reached **** piety under Sif Muna
   404 | D        | Reached XP level 7. HP: 44/48 MP: 10/14
   451 | D        | Reached ***** piety under Sif Muna
   452 | D        | Noticed a phantasmal warrior
   459 | D        | Killed a phantasmal warrior
   460 | D        | Reached XP level 8. HP: 54/54 MP: 9/15
   464 | D        | Received a gift from Sif Muna
   469 | D        | Reached skill level 15 in Unarmed Combat
   481 | D        | Got Sif Muna's Folio of Sinister Venin {god gift}
   590 | D        | Noticed a molten gargoyle
   590 | D        | Noticed a snapping turtle
   598 | D        | Killed a molten gargoyle
   599 | D        | Reached skill level 10 in Dodging
   600 | D        | Killed a snapping turtle
   712 | D        | Noticed a bog body
   715 | D        | Noticed a tyrant leech
   717 | D        | Reached skill level 1 in Shields
   717 | D        | Reached skill level 1 in Invocations
   717 | D        | Reached XP level 9. HP: 61/61 MP: 12/16
   719 | D        | Killed a bog body
   719 | D        | Received a gift from Sif Muna
   722 | D        | Noticed a rime drake
   724 | D        | Killed a tyrant leech
   725 | D        | Reached skill level 5 in Fighting
   725 | D        | Reached skill level 5 in Invocations
   728 | D        | Killed a rime drake
   731 | D        | Got Sif Muna's Commentary on Transfiguration {god gift}
   808 | D        | Noticed an elephant
   813 | D        | Received a gift from Sif Muna
   822 | D        | Killed an elephant
   823 | D        | Reached skill level 10 in Transmutations
   825 | D        | Got Sif Muna's Tome of Enchantment and Striking {god gift}
   874 | D        | Learned a level 5 spell: Irradiate
   881 | D        | Learned a level 6 spell: Statue Form
   953 | D        | Noticed a hornet
   965 | D        | Killed a hornet
   966 | D        | Reached skill level 1 in Earth Magic
   966 | D        | Reached XP level 10. HP: 74/74 MP: 18/21
   966 | D        | Noticed a kobold demonologist
   971 | D        | Killed a kobold demonologist
  1002 | D        | Received a gift from Sif Muna
  1004 | D        | Got Sif Muna's Anthology of Transposed Forms {god gift}
  1016 | D        | Noticed a bog body
  1016 | D        | Noticed a death yak
  1027 | D        | Killed a death yak
  1028 | D        | Reached skill level 5 in Earth Magic
  1030 | D        | Killed a bog body
  1209 | D        | Noticed a swamp dragon
  1217 | D        | Killed a swamp dragon
  1488 | D        | Received a gift from Sif Muna
  1490 | D        | Reached ****** piety under Sif Muna
  1507 | D        | Received a gift from Sif Muna
  1508 | D        | Reached XP level 11. HP: 79/79 MP: 24/24
  1518 | D        | Got Sif Muna's Compilation of Congelation {god gift}
  1648 | D        | Noticed Psyche
  1648 | D        | Noticed an apis
  1666 | D        | Killed an apis
  1667 | D        | Reached skill level 10 in Spellcasting
  1667 | D        | Killed Psyche
  1668 | D        | Received a gift from Sif Muna
  1692 | D        | Noticed a deep elf pyromancer
  1707 | D        | Killed a deep elf pyromancer
  1708 | D        | Reached skill level 15 in Transmutations
  1708 | D        | Reached skill level 10 in Earth Magic
  1779 | D        | Got Gyrihot's Compendium of Sweltering Blasts
  1888 | D        | Noticed a merfolk avatar
  1888 | D        | Noticed a deep elf pyromancer
  1888 | D        | Noticed a fire crab
  1888 | D        | Noticed an ophan
  1889 | D        | Noticed an orc sorcerer
  1891 | D        | Noticed a fire dragon
  1892 | D        | Identified the ring "Uguaf" {rC+ Will+ Str+4 Int-5}
  1892 | D        | Noticed a vampire mage
  1892 | D        | Noticed an orc knight
  1893 | D        | Received a gift from Sif Muna
  1896 | D        | Noticed a jiangshi
  1896 | D        | Noticed a phantasmal warrior
  1901 | D        | Killed an ophan
  1902 | D        | Reached skill level 1 in Conjurations
  1904 | D        | Killed a fire crab
  1907 | D        | Killed a merfolk avatar
  1909 | D        | Noticed a minotaur
  1911 | D        | Noticed a lindwurm
  1916 | D        | Killed a fire dragon
  1916 | D        | Received a gift from Sif Muna
  1919 | D        | Killed a deep elf pyromancer
  1920 | D        | Reached XP level 12. HP: 69/86 MP: 19/27
  1934 | D        | Slain by a minotaur

Illustrated notes

Levels and vault maps discovered:
D:        pitsprint [storerooms_1, entrance_room_1, metal_vault_5, armoury_1,
          mini_pit_1, grid_room_1, main_hall_1, silver_pit, the_coven_3,
          the_vestibule_1, steel_vault_3, golden_pit, hallway_of_sentries,
          crystal_vault_4, iron_vault_3, final_vault]

Skill      XL: |  1  2  3  4  5  6  7  8  9 10 11 12 |
---------------+-------------------------------------+-----
Transmutations | 7 8 10 13 16 | 16.5
Ice Magic      | 5 6 7 8 9 |  9.4
Spellcasting   | 5 7 9 11 | 11.9
Unarmed Combat | 11 12 14 16 | 16.0
Dodging        | 9 11 | 11.6
Fighting       | 2 5 |  5.0
Shields        | 1 4 |  4.0
Invocations    | 1 5 |  5.0
Earth Magic    | 1 7 10 11 | 11.1
Conjurations   | 4 |  4.5

Action                   |  1- 3 |  4- 6 |  7- 9 | 10-12 || total
-------------------------+-------+-------+-------+-------++-------
Melee: Unarmed           |    17 |    30 |    65 |   144 ||   256
       Headbutt          |     3 |       |       |       ||     3
 Cast: Beastly Appendage |     3 |     1 |       |       ||     4
       Ice Form          |       |     2 |     5 |     3 ||    10
       Wereblood         |       |     2 |     3 |     3 ||     8
       Statue Form       |       |       |       |     4 ||     4
       Irradiate         |       |       |       |     1 ||     1
  Use: Potion            |       |     1 |     3 |     6 ||    10
       Scroll            |       |       |       |     1 ||     1
 Stab: Invisible         |       |       |     3 |       ||     3
       Sleeping          |       |       |       |     1 ||     1
Armor: Robe              |     1 |       |       |     1 ||     2
       Skin              |       |    27 |     8 |    50 ||    85
Dodge: Dodged            |     6 |    24 |    25 |    80 ||   135
Block: Buckler           |       |       |       |    22 ||    22

Table legend: (Time is in decaauts)
 A = Elapsed time spent in this place.
 B = Non-inter-level travel time spent in this place.
 C = Inter-level travel time spent in this place.
 D = Time resting spent in this place.
 E = Time spent auto-exploring this place.
 F = Levels seen in this place.
 G = Mean time per level.
                   A        B        C        D        E       F      G
               +--------+--------+--------+--------+--------+-----+--------+
         Total |   1940 |   1940 |      0 |    982 |      0 |   1 | 1940.0 |
       Dungeon |   1940 |   1940 |      0 |    982 |      0 |   1 | 1940.0 |
               +--------+--------+--------+--------+--------+-----+--------+

Top non-repeatable levels by time:
       D: 1940 daAuts
